 Dungeon Sprint DCSS version 0.22-a0-113-gdd6f4a9 (webtiles) character file.

170 Kidiri the Covered (level 5, -2/36 HPs)
             Began as a Gargoyle Fighter on Jan 28, 2018.
             Was a Follower of Okawaru.
             Splashed by an acid dragon's acid (10 damage)
             ... in the Dungeon (Sprint VII: "The Pits").
             The game lasted 00:02:11 (660 turns).

Kidiri the Covered (Gargoyle Fighter)                Turns: 660, Time: 00:02:12

Health: -2/36      AC: 15    Str: 20    XL:     5   Next: 50%
Magic:  2/5        EV: 10    Int:  8    God:    Okawaru [*.....]
Gold:   0          SH: 12    Dex: 10    Spells: 4/4 levels left

rFire    . . .     SeeInvis .   a - +3 flail (crush)
rCold    . . .     Gourm    .   c - +0 shield
rNeg     + . .     Faith    .   b - +3 chain mail
rPois    ∞         Spirit   .   (no helmet)
rElec    +         Reflect  .   (no cloak)
rCorr    .         Harm     .   (no gloves)
MR       .....     NoTele   +   (no boots)
Stlth    +.........             (no amulet)
HPRegen  0.12/turn              (no ring)
MPRegen  0.09/turn              (no ring)

@: heroism, corroded
A: negative energy resistance 1, electricity resistance, unbreathing,
petrification resistance, rot immunity, AC +4
a: Heroism, Renounce Religion


You were in the Dungeon.
You worshipped Okawaru.
Okawaru was aware of your devotion.
You were not hungry.

You visited 1 branch

Inventory:

Hand Weapons
 a - a +3 flail of crushing (weapon)
Armour
 b - a +3 chain mail (worn)
 c - a +0 shield (worn)
Scrolls
 k - a scroll of blinking
 l - 3 scrolls of remove curse
 m - 5 scrolls of amnesia
 n - a scroll of summoning
Potions
 d - a potion of might
 e - 6 potions of curing
 g - 2 potions of invisibility
 h - a potion of haste
 i - 4 potions of magic
 j - 3 potions of berserk rage
 p - 5 potions of heal wounds
Comestibles
 f - 9 rations
 o - 5 chunks of flesh


   Skills:
 * Level 6.1(11.1) Fighting
 * Level 5.1(10.1) Maces & Flails
 * Level 6.2(11.2) Armour
 + Level 2.5(7.5) Dodging
 + Level 3.7(8.7) Stealth
 * Level 6.2(11.2) Shields


You had 4 spell levels left.
You didn't know any spells.

Dungeon Overview and Level Annotations

Branches:
Dungeon (1/1)

Altars:
Ashenzari
Cheibriados
Dithmenos
Elyvilon
Fedhas
Gozag
Hepliaklqana
Kikubaaqudgha
Makhleb
Nemelex Xobeh
Okawaru
Qazlal
Ru
Sif Muna
Trog
Uskayaw
Vehumet
Wu Jian
Xom
Yredelemnul
Zin
The Shining One
Beogh
Jiyva
Lugonu

Annotations:
D exclusions: 6 doors and 6 more exclusions


Innate Abilities, Weirdness & Mutations

You are resistant to torment.
Your stone body is resilient. (AC +4)
You are immune to poison.
You resist negative energy. (rN+)
You are resistant to electric shocks. (rElec)
You can survive without breathing.
You are immune to petrification.
You are immune to rotting.


Message History

The acid dragon bites you but does no damage.
You block the acid dragon's attack.
You closely miss the acid dragon. You block the acid dragon's attack.
The acid dragon claws you but does no damage.
You gain the combat prowess of a mighty hero.
The acid dragon bites you. You block the acid dragon's attack.
You sock the acid dragon!
The acid dragon is moderately wounded.
You block the acid dragon's attack. x2
You hit the acid dragon but do no damage.
The acid dragon is moderately wounded.
The acid dragon bites you but does no damage.
The acid dragon barely misses you.
You hit the acid dragon.
The acid dragon is heavily wounded.
The acid dragon spits acid at you. The splash of acid hits you!
* * * LOW HITPOINT WARNING * * *
The acid corrodes you!
You are splashed with acid!
The acid burns!
You die...

#.#........##.......#
#.#........##.......#
#'###########.......#
#.......# #########
#.......# #...#...#
#..###..#+#
#...#...#D+
#.......#@#
#.......'.#
###########


You could see an acid dragon.

Vanquished Creatures
  An ice beast (D)
  An iron imp (D)
  A gnoll (D)
  A river rat (D)
  3 ufetubi (D)
  An ooze (D)
  A leopard gecko (D)
  A giant cockroach (D)
  A goblin (D)
  2 kobolds (D)
  A ball python skeleton (D)
  2 rats (D)
16 creatures vanquished.

Notes
Turn   | Place    | Note
-------+----------+-------------------------------------------
     0 | D        | Kidiri the Gargoyle Fighter began the quest for the Orb.
     0 | D        | Reached XP level 1. HP: 14/14 MP: 1/1
    45 | D        | Reached skill level 1 in Stealth
    79 | D        | Found a bloodstained altar of Trog.
    79 | D        | Found a deep blue altar of Sif Muna.
    79 | D        | Found a viscous altar of Jiyva.
    79 | D        | Found a hazy altar of Hepliaklqana.
    79 | D        | Found an opulent altar of Gozag.
    80 | D        | Found a glowing golden altar of the Shining One.
    80 | D        | Found a glowing silver altar of Zin.
    80 | D        | Found a basalt altar of Yredelemnul.
    80 | D        | Found a shimmering altar of Xom.
    80 | D        | Found an ornate altar of the Wu Jian Council.
    80 | D        | Found a sacrificial altar of Ru.
    80 | D        | Found a stormy altar of Qazlal.
    80 | D        | Found an iron altar of Okawaru.
    80 | D        | Found a sparkling altar of Nemelex Xobeh.
    80 | D        | Found a burning altar of Makhleb.
    80 | D        | Found a blossoming altar of Fedhas.
    80 | D        | Found a white marble altar of Elyvilon.
    80 | D        | Found a shadowy altar of Dithmenos.
    80 | D        | Found a snail-covered altar of Cheibriados.
    83 | D        | Found a corrupted altar of Lugonu.
    83 | D        | Found a radiant altar of Vehumet.
    83 | D        | Found a roughly hewn altar of Beogh.
    84 | D        | Found an ancient bone altar of Kikubaaqudgha.
    84 | D        | Found a hide-covered altar of Uskayaw.
    84 | D        | Found a shattered altar of Ashenzari.
    88 | D        | Became a worshipper of Warmaster Okawaru
   107 | D        | Reached XP level 2. HP: 20/20 MP: 2/2
   126 | D        | Reached skill level 1 in Dodging
   311 | D        | Reached XP level 3. HP: 15/24 MP: 3/3
   514 | D        | Noticed an ice beast
   529 | D        | Killed an ice beast
   529 | D        | Reached * piety under Okawaru
   529 | D        | Reached skill level 5 in Fighting
   529 | D        | Reached skill level 5 in Armour
   529 | D        | Reached skill level 5 in Shields
   529 | D        | Reached XP level 4. HP: 21/32 MP: 4/4
   529 | D        | Reached XP level 5. HP: 24/36 MP: 5/5
   532 | D        | Reached skill level 5 in Maces & Flails
   651 | D        | Noticed an acid dragon
   660 | D        | Splashed by an acid dragon's acid

Vault maps used:
D:        pitsprint

Skill      XL: |  1  2  3  4  5 |
---------------+----------------+-----
Stealth        | 1 3 |  3.7
Fighting       | 4 5 6 |  6.1
Armour         | 4 5 6 |  6.2
Shields        | 4 5 6 |  6.2
Maces & Flails | 3 4 5 |  5.1
Dodging        | 1 2 |  2.5

Action                   |  1- 3 |  4- 6 || total
-------------------------+-------+-------++-------
Melee: Flail             |    30 |    14 ||    44
       Mace              |    22 |       ||    22
Invok: Heroism           |       |     2 ||     2
  Use: Potion            |     1 |       ||     1
Armor: Scale mail        |    45 |       ||    45
       Chain mail        |     3 |     7 ||    10
Dodge: Dodged            |    34 |     3 ||    37
Block: Shield            |    46 |     9 ||    55

Table legend:
 A = Spawn XP
 B = Non-spawn XP
 C = Spawn XP percentage of total XP
 D = Spawn monster count
 E = Non-spawn monster count
 F = Spawn count percentage of total count
 G = Total turns spent on level
                    A         B        C        D         E        F      G
               +---------+---------+-------+---------+---------+-------+---------
         Total |       0 |     243 |   0.0 |       0 |      16 |   0.0 |   660
               +---------+---------+-------+---------+---------+-------+---------
             D |       0 |     243 |   0.0 |       0 |      16 |   0.0 |   660
               +---------+---------+-------+---------+---------+-------+---------
